 Dungeon Crawl Stone Soup version 0.23-a0-550-g7de1f8e (webtiles) character file.

2646 tilp the Frost Mage (level 9, -3/71 HPs)
             Began as a Merfolk Ice Elementalist on Dec 8, 2018.
             Was a Follower of Makhleb.
             Slain by an orc knight
             ... wielding a +0 halberd
              (19 damage)
             ... in a bailey.
             The game lasted 00:30:35 (8866 turns).

tilp the Frost Mage (Merfolk Ice Elementalist)      Turns: 8866, Time: 00:30:35

Health: -3/71      AC: 17    Str:  9      XL:     9   Next: 62%
Magic:  5/15       EV: 16    Int: 17      God:    Makhleb [*.....]
Gold:   541        SH:  0    Dex: 18 (19) Spells: 9/17 levels left

rFire    . . .     SeeInvis +   a - +2 dagger (elec)
rCold    . . .     Gourm    .   (no shield)
rNeg     . . .     Faith    .   f - +1 leather armour {MR+}
rPois    .         Spirit   .   i - +1 helmet
rElec    .         Reflect  .   C - +0 cloak
rCorr    .         Harm     .   S - +0 pair of gloves of Esud {Dex+5 SInv}
MR       ++...                  o - +2 pair of boots
Stlth    ++........             (no amulet)
HPRegen  0.21/turn              N - ring of protection from magic
MPRegen  0.14/turn              (no ring)

@: icy armour
A: change form in water, swift swim, stealthy swim
a: Renounce Religion


You were in a bailey.
You worshipped Makhleb.
Makhleb was aware of your devotion.
You were not hungry.

You visited 2 branches of the dungeon, and saw 9 of its levels.
You also visited: Bailey.

You collected 541 gold pieces.

Inventory:

Hand Weapons
 a - a +2 dagger of electrocution (weapon)
 b - a +0 hunting sling
 v - a +0 halberd
 z - a cursed -2 hunting sling
 B - a +0 spear
 D - a +0 trident
 L - a +0 halberd
 R - a cursed -2 short sword
 T - a +1 hunting sling of freezing
Missiles
 d - 176 stones
 p - 4 javelins (quivered)
 E - 11 tomahawks
Armour
 f - a +1 leather armour of magic resistance (worn)
 i - a +1 helmet (worn)
 o - a +2 pair of boots (worn)
 C - a +0 cloak (worn)
 Q - a +2 robe of fire resistance
 S - the +0 pair of gloves of Esud (worn) {Dex+5 SInv}
   (You found it on level 6 of the Dungeon)

   It affects your dexterity (+5).
   It lets you see invisible.
Magical Staves
 r - an uncursed staff of fire {unknown}
Jewellery
 N - a ring of protection from magic (left hand)
Wands
 O - a wand of flame (14)
 U - a wand of paralysis (10)
Scrolls
 e - a scroll of remove curse
 h - 2 scrolls of magic mapping
 s - a scroll of fear {unknown}
 t - a scroll of blinking
 w - 2 scrolls of teleportation
 x - a scroll of amnesia
 y - a scroll of random uselessness {unknown}
 A - a scroll of enchant weapon {unknown}
 I - a scroll of fog {unknown}
Potions
 g - 2 potions of agility
 j - a potion of flight
 k - 3 potions of haste {unknown}
 m - 2 potions of resistance
 n - 10 potions of curing
 q - a potion of cancellation {unknown}
 u - 3 potions of berserk rage {unknown}
 F - a potion of lignification {unknown}
 G - a potion of magic {unknown}
 H - a potion of invisibility {unknown}
 J - 3 potions of heal wounds {unknown}
 K - a potion of experience {unknown}
 P - a potion of ambrosia {unknown}
Comestibles
 c - 13 rations
 l - 3 chunks of flesh


   Skills:
 - Level 6.6 Fighting
 - Level 6.2 Dodging
 - Level 2.1 Stealth
 + Level 4.5 Spellcasting
 - Level 2.0 Conjurations
 - Level 4.2 Hexes
 - Level 4.0 Charms
 - Level 8.0 Ice Magic


You had 9 spell levels left.
You knew the following spells:

 Your Spells              Type           Power        Failure   Level  Hunger
a - Freeze                Ice            ####         1%          1    None
b - Throw Frost           Conj/Ice       ###...       4%          2    ##.....
c - Ozocubu's Armour      Chrm/Ice       ###.....     5%          3    ###....
d - Ensorcelled Hibernat  Hex/Ice        ###...       2%          2    ##.....

Your spell library contained the following spells:

 Spells                   Type           Power        Failure   Level  Hunger
 Confusing Touch          Hex            ###...       3%          1    None
 Corona                   Hex            ###....      3%          1    None
 Confuse                  Hex            ###.....     11%         3    ###....
 Tukima's Dance           Hex            ###.....     11%         3    ###....
 Dazzling Spray           Conj/Hex       ##....       17%         3    ###....
 Throw Icicle             Conj/Ice       ###.....     26%         4    ####...
 Summon Ice Beast         Ice/Summ       ###.....     38%         4    ####...
 Metabolic Englaciation   Hex/Ice        ###.......   43%         5    ######.
 Gell's Gravitas          Tloc           #.........   54%         3    ###....
 Petrify                  Tmut/Erth      #.......     91%         4    ####...
 Yara's Violent Unravell  Hex/Tmut       ##........   94%         5    ######.


Dungeon Overview and Level Annotations

Branches:
Dungeon (8/15)             Temple (1/1) D:7
   Lair: D:8-11

Altars:
Cheibriados
Dithmenos
Hepliaklqana
Kikubaaqudgha
Makhleb
Ru
Sif Muna
Uskayaw
Vehumet
Wu Jian
Xom
Yredelemnul
Zin
The Shining One

Shops:
D:6 *


Message History

The orc knight is severely wounded.
The orc knight hits you with a +0 halberd.
Casting: Freeze (safe; 1% risk of failure)
Confirm with . or Enter, or press ? or * to list all spells.
Aiming: Freeze (safe; 1% risk of failure)
Press: ? - help, Shift-Dir - straight line, f/p - orc knight
Aim: an orc knight, wielding a +0 halberd and wearing a +0 plate armour You freeze the orc knight.
The orc knight is severely wounded.
The orc knight hits you with a +0 halberd!
* * * LOW HITPOINT WARNING * * *
Casting: Freeze (safe; 1% risk of failure)
Confirm with . or Enter, or press ? or * to list all spells.
Aiming: Freeze (safe; 1% risk of failure)
Press: ? - help, Shift-Dir - straight line, f/p - orc knight
Aim: an orc knight, wielding a +0 halberd and wearing a +0 plate armour You freeze the orc knight.
The orc knight is severely wounded.
The orc knight hits you with a +0 halberd!!
You die...

############ #######
##.∩........## ##.....######
#............######.).....#....
#.)..........#....#.).....'....
#∩...........'@o))')))....'....
#...).).)....#..).#)).....'....
#..))........######.......#....
##.∩))......## ##.....######
############ #######


You could see an orc knight.

Vanquished Creatures
  Prince Ribbit (D:6)
  Grinder (D:6)
  A spriggan (D:7)
  Eustachio (D:4)
  Edmund (D:6)
  2 orc warriors (Bailey)
  2 ogres
  2 centaurs (D:5)
  2 bullfrogs (D:6)
  A water moccasin zombie (D:7)
  Blork the orc (D:6)
  5 killer bees (D:7)
  A howler monkey (D:6)
  2 crimson imps
  A jelly (D:7)
  A quasit (D:8)
  2 orc priests
  A bullfrog skeleton (D:7)
  2 orc wizards (D:5)
  Crazy Yiuf (D:4)
  A centaur skeleton (D:7)
  2 worker ants
  A hound skeleton (D:6)
  3 gnolls (D:3)
  5 adders
  4 oozes
  An adder skeleton (D:4)
  2 worms
  4 dart slugs
  3 leopard geckos
  32 orcs
  2 bats
  3 giant cockroaches
  13 goblins
  13 hobgoblins
  8 jackals
  4 quokkas
  9 frilled lizards
  5 kobolds
  10 rats
156 creatures vanquished.

Vanquished Creatures (collateral kills)
  An orc warrior (Bailey)
  10 orcs (Bailey)
11 creatures vanquished.

Vanquished Creatures (others)
  2 orc warriors (Bailey)
  An orc (D:5)
3 creatures vanquished.

Grand Total: 170 creatures vanquished

Notes
Turn   | Place    | Note
-------+----------+-------------------------------------------
     0 | D:1      | tilp the Merfolk Ice Elementalist began the quest for the
                  | Orb.
     0 | D:1      | Reached XP level 1. HP: 13/13 MP: 3/3
   355 | D:1      | Reached XP level 2. HP: 18/19 MP: 1/5
   364 | D:1      | Learned a level 2 spell: Throw Frost
   379 | D:1      | Reached skill level 4 in Ice Magic
   606 | D:1      | Reached XP level 3. HP: 11/24 MP: 0/6
  1083 | D:2      | Reached skill level 5 in Ice Magic
  1475 | D:2      | Reached XP level 4. HP: 30/30 MP: 4/7
  1476 | D:2      | Found an ancient bone altar of Kikubaaqudgha.
  2060 | D:3      | Learned a level 3 spell: Ozocubu's Armour
  2116 | D:3      | Reached skill level 6 in Ice Magic
  2174 | D:3      | Reached XP level 5. HP: 18/35 MP: 3/8
  2763 | D:3      | Found a faded altar of an unknown god.
  3274 | D:4      | Noticed Eustachio
  3336 | D:4      | Killed Eustachio
  3336 | D:4      | Reached skill level 7 in Ice Magic
  3336 | D:4      | Reached XP level 6. HP: 7/41 MP: 0/9
  3727 | D:4      | Found a runed door.
  3820 | D:4      | Noticed Crazy Yiuf
  3824 | D:4      | Killed Crazy Yiuf
  3824 | D:4      | Reached skill level 8 in Ice Magic
  3949 | D:4      | Reached skill level 1 in Fighting
  4308 | D:4      | Learned a level 2 spell: Ensorcelled Hibernation
  4570 | D:5      | Entered Level 5 of the Dungeon
  4876 | D:5      | Reached XP level 7. HP: 45/49 MP: 1/10
  5591 | D:6      | Noticed Edmund
  6035 | D:6      | Noticed Blork the orc
  6048 | D:6      | Killed Blork the orc
  6048 | D:6      | Reached skill level 5 in Fighting
  6048 | D:6      | Reached skill level 5 in Dodging
  6048 | D:6      | Reached XP level 8. HP: 62/62 MP: 7/11
  6157 | D:6      | Noticed Grinder
  6223 | D:6      | Got a pair of brightly glowing gloves
  6257 | D:6      | Killed Edmund
  6535 | D:6      | Paralysed by Grinder for 4 turns
  6648 | D:5      | Identified the +0 pair of gloves of Esud {Dex+5 SInv} (You
                  | found it on level 6 of the Dungeon)
  6657 | D:6      | Noticed Prince Ribbit
  6661 | D:6      | Killed Prince Ribbit
  6783 | D:6      | Reached skill level 1 in Conjurations
  6875 | D:6      | Found Ieni's Incredible Inventory.
  6950 | D:6      | Killed Grinder
  6950 | D:6      | Reached skill level 1 in Hexes
  6950 | D:6      | Reached skill level 1 in Charms
  7032 | D:7      | Reached XP level 9. HP: 64/71 MP: 5/13
  7753 | D:7      | Found a staircase to the Ecumenical Temple.
  7762 | Temple   | Entered the Ecumenical Temple
  7770 | Temple   | Became a worshipper of Makhleb the Destroyer
  7914 | D:7      | Found a shimmering altar of Xom.
  7914 | D:7      | Found a glowing silver altar of Zin.
  7914 | D:7      | Found a basalt altar of Yredelemnul.
  8328 | D:8      | Found a flagged portal.
  8373 | Bailey   | Entered a bailey
  8641 | Bailey   | Reached * piety under Makhleb
  8769 | Bailey   | Noticed an orc knight
  8770 | Bailey   | Noticed an orc knight
  8770 | Bailey   | Noticed an orc knight
  8866 | Bailey   | Slain by an orc knight

Vault maps used:
D:1:      moated_graveyard_arrival
D:2:      kiku_gazebo_garden_becter
D:3:      minmay_inner_zag, chequers_ecumenical_altar_grove, dk_vineyard_2
D:4:      first_ration, chequers_avenue, small_statue_alley_b, uniq_eustachio,
          uniq_crazy_yiuf_cottage
D:5:      chequers_serial_rivers_small_3, hangedman_decor_points
D:6:      nicolae_alphabet_shops, uniq_prince_ribbit1, uniq_edmund,
          uniq_grinder, uniq_blork_the_orc
D:7:      gammafunk_temple_overflow_forgotten, minmay_temple_entry_overgrown,
          minivault_24, the_bakery, hangedman_abyss_or_decor_jellyfish_corner
D:8:      serial_shops, nicolae_shop_window_shopping, enter_bailey_3,
          uniq_joseph
Temple:   eino_narrow_crystal_temple
Bailey:   bailey_polearm_5, bailey

Skill      XL: |  1  2  3  4  5  6  7  8  9 |
---------------+----------------------------+-----
Ice Magic      | 4 5 6 7 8 |  8.0
Fighting       | 1 5 6 |  6.6
Dodging        | 3 5 6 |  6.2
Conjurations   | 2 |  2.0
Hexes          | 2 4 |  4.2
Charms         | 2 4 |  4.0
Spellcasting   | 4 |  4.5
Stealth        | |  2.1

Action                   |  1- 3 |  4- 6 |  7- 9 || total
-------------------------+-------+-------+-------++-------
Melee: Whip              |     1 |       |       ||     1
       Dagger            |    37 |    56 |   205 ||   298
Throw: Javelin           |       |     2 |       ||     2
 Cast: Freeze            |    58 |    94 |    75 ||   227
       Throw Frost       |       |     5 |    13 ||    18
       Ensorcelled Hiber |       |     1 |    11 ||    12
       Ozocubu's Armour  |       |       |    17 ||    17
Evoke: Wand              |       |       |    12 ||    12
  Use: Scroll            |       |     8 |     7 ||    15
       Potion            |       |       |     1 ||     1
 Stab: Sleeping          |     2 |     9 |     7 ||    18
       Distracted        |     1 |       |       ||     1
  Eat: Chunk             |     3 |     9 |    13 ||    25
       Ration            |       |     1 |     1 ||     2
Armor: Robe              |     1 |       |       ||     1
       Leather armour    |    12 |    46 |   107 ||   165
Dodge: Dodged            |    51 |    95 |   266 ||   412

Table legend:
 A = Non-vault XP
 B = Vault XP
 C = Vault XP percentage of total XP
 D = Non-vault monster count
 E = Vault monster count
 F = Vault count percentage of total count
                 A         B        C        D         E       F
            +---------+---------+-------+---------+---------+-------
      Total |    1927 |    1853 |  49.0 |     125 |      43 |  25.6
            +---------+---------+-------+---------+---------+-------
        D:1 |      54 |       0 |   0.0 |      26 |       0 |   0.0
        D:2 |      37 |       0 |   0.0 |      17 |       0 |   0.0
        D:3 |     109 |      13 |  10.7 |      28 |       6 |  17.6
        D:4 |     120 |     247 |  67.3 |      12 |       2 |  14.3
        D:5 |     370 |       0 |   0.0 |      10 |       0 |   0.0
        D:6 |     449 |     818 |  64.6 |      13 |       4 |  23.5
        D:7 |     697 |     220 |  24.0 |      17 |       1 |   5.6
        D:8 |      91 |       7 |   7.1 |       2 |       4 |  66.7
     Bailey |       0 |     548 | 100.0 |       0 |      26 | 100.0
            +---------+---------+-------+---------+---------+-------
